 Dungeon Crawl Stone Soup version 0.30-a0-242-g7bf8e6d787 (webtiles) character file.

Game seed: 9372696485180807943

5355 greasedhog the Basher (level 10, -1/59 HPs)
             Began as a Gargoyle Reaver on Oct 12, 2022.
             Was a Priest of Qazlal.
             Killed from afar by a manticore (11 damage)
             ... with a volley of spikes
             ... on level 9 of the Dungeon.
             The game lasted 00:19:57 (10810 turns).

greasedhog the Basher (Gargoyle Reaver)            Turns: 10810, Time: 00:19:57

Health: -1/59      AC: 19    Str: 20    XL:     10   Next: 65%
Magic:  14/14      EV: 11    Int: 14    God:    Qazlal [***...]
Gold:   386        SH: 12    Dex: 11    Spells: 12/13 levels left

rFire   + . .      SeeInvis .    a - +4 morningstar
rCold   . . .      Faith    .    x - +0 kite shield {AC+3}
rNeg    + . .      Spirit   .    H - +0 steam dragon scales
rPois   ∞          Reflect  .    (no helmet)
rElec   +          Harm     .    (no cloak)
rCorr   .          Rampage  .    d - +2 pair of gloves {Dex+3}
Will    .....                    (no boots)
Stlth   +.........               (no amulet)
HPRegen 0.29/turn                e - ring of flight
MPRegen 0.14/turn                y - ring of protection from fire

@: spiked, flying
A: sickness immunity, AC +7, negative energy resistance 1, electricity
resistance, torment resistance 1, petrification resistance
a: Renounce Religion, Upheaval, Elemental Force


You were on level 9 of the Dungeon.
You worshipped Qazlal.
Qazlal was most pleased with you.
You visited 2 branches of the dungeon, and saw 10 of its levels.
You also visited: Sewer and Ossuary.

You collected 536 gold pieces.
You spent 150 gold pieces at shops.

Inventory:

Hand Weapons
 a - a +4 morningstar (weapon)
Missiles
 h - 20 poisoned darts
 D - 3 curare-tipped darts (quivered)
Armour
 d - a +2 pair of gloves of dexterity (worn)
 x - a +0 kite shield of protection (worn)
 H - +0 steam dragon scales (worn)
Jewellery
 e - a ring of flight (left hand)
 y - a ring of protection from fire (right hand)
Wands
 j - a wand of mindburst (3)
 q - a wand of acid (7)
 v - a wand of polymorph (2)
 E - a wand of paralysis (10)
 M - a wand of flame (14)
 N - a wand of roots (5)
Scrolls
 n - a scroll of enchant weapon
 o - 2 scrolls of teleportation
 p - a scroll of fog
 w - 2 scrolls of amnesia
 z - a scroll of vulnerability
 A - a scroll of fear
 B - 4 scrolls of poison
 J - a scroll of enchant armour {unknown}
 L - a scroll of brand weapon {unknown}
 O - a scroll of summoning {unknown}
Potions
 b - 7 potions of flight
 c - 3 potions of lignification
 f - 6 potions of curing
 g - 2 potions of berserk rage {unknown}
 i - 3 potions of brilliance {unknown}
 k - 4 potions of haste {unknown}
 m - 5 potions of degeneration
 r - a potion of cancellation {unknown}
 s - a potion of magic {unknown}
 t - 3 potions of might {unknown}
 C - 2 potions of heal wounds {unknown}
 F - a potion of mutation {unknown}
 G - a potion of attraction {unknown}
 I - 2 potions of resistance {unknown}
 P - 2 potions of invisibility


   Skills:
 - Level 5.0 Fighting
 * Level 10.4 Maces & Flails
 - Level 5.1 Armour
 - Level 5.0 Dodging
 + Level 4.3 Shields
 - Level 2.0 Spellcasting
 - Level 3.2 Conjurations
 + Level 5.6 Invocations
 * Level 4.1 Evocations


You had 12 spell levels left.
You knew the following spells:

 Your Spells              Type           Power      Damage    Failure   Level
a - Kiss of Death         Conj/Necr      24%        2d7       34%         1

Your spell library contained the following spells:

 Spells                   Type           Power      Damage    Failure   Level
 Momentum Strike          Conj/Tloc      12%        3d8       47%         2
 Static Discharge         Conj/Air       12%        2-3/arc   47%         2
 Apportation              Tloc           2%         N/A       56%         1
 Freeze                   Ice            4%         1d3       56%         1
 Necrotise                Necr           4%         1d4       56%         1
 Summon Small Mammal      Summ           4%         N/A       56%         1
 Dazzling Flash           Conj/Hex       12%        N/A       71%         3
 Hailstorm                Conj/Ice       6%         3d4       71%         3
 Frozen Ramparts          Ice            2%         1d1       90%         3
 Vhi's Electric Charge    Tloc/Air       2%         N/A       90%         3
 Iskenderun's Mystic Bla  Conj/Tloc      6%         2d4       98%         4
 Animate Dead             Necr           1%         N/A       100%        4
 Petrify                  Tmut/Erth      1%         N/A       100%        4
 Arcjolt                  Conj/Air       3%         1d13      100%        5
 Irradiate                Conj/Tmut      3%         3d12      100%        5
 Lightning Bolt           Conj/Air       3%         1d14      100%        5
 Starburst                Conj/Fire      3%         6d3       100%        6
 Haunt                    Necr/Summ      0%         N/A       100%        7
 Malign Gateway           Summ/Tloc      0%         N/A       100%        7
 Infestation              Necr           0%         N/A       100%        8
 Summon Horrible Things   Summ           0%         N/A       100%        8
 Sublimation of Blood     Necr           Unusable   N/A       N/A         2

Dungeon Overview and Level Annotations

Branches:
Dungeon (9/15)             Temple (1/1) D:4           Sewer (visited)
Ossuary (visited)
   Lair: D:8-11         Orc: D:9-12

Altars:
Ashenzari
Cheibriados
Dithmenos
Elyvilon
Fedhas
Gozag
Hepliaklqana
Kikubaaqudgha
Makhleb
Nemelex Xobeh
Okawaru
Qazlal
Ru
Sif Muna
Trog
Uskayaw
Vehumet
Wu Jian
Xom
Yredelemnul
Zin
The Shining One

Shops:
D:4 *   D:5 [   D:6 [


Innate Abilities, Weirdness & Mutations

You are immune to sickness and miasma.
Your stone body is resilient. (AC +7)
You are immune to poison.
You resist negative energy. (rN+)
You are resistant to electric shocks. (rElec)
You are resistant to unholy torment.
You are immune to petrification.


Message History

As you read the scroll of immolation, it crumbles to dust.
The creatures around you are filled with an inner flame!
The yak gores you!
* * * LOW HITPOINT WARNING * * *
You feel better. You block the yak's attack. The yak barely misses you.
You hit the yak.
Flame seeps out of the yak.
The yak is severely wounded.
The yak is engulfed in blazing flames.
Qazlal accepts your kill.
The yak explodes!
The fiery explosion engulfs the yak!!!
Qazlal accepts your kill.
The fiery explosion engulfs the yak!!!
Flame seeps out of the yak.
The yak is almost dead.
The fiery explosion engulfs you! You resist.
* * * LOW HITPOINT WARNING * * *
The yak explodes!
The fiery explosion engulfs the yak!!
Flame seeps out of the yak.
The yak is heavily wounded.
The fiery explosion engulfs the manticore!
The manticore is moderately wounded.
The fiery explosion engulfs the acid dragon!!!
Qazlal accepts your kill.
The fiery explosion engulfs the yak!!
Qazlal accepts your kill.
The yak explodes!
The fiery explosion engulfs the yak!!
Qazlal accepts your kill. x2
You feel a bit more experienced.
The yak explodes!
Qazlal accepts your kill.
You feel a bit more experienced.
The acid dragon explodes!
The fiery explosion engulfs the manticore!
The manticore is heavily wounded.
The manticore flicks its tail.
The volley of spikes hits you!
The barbed spikes become lodged in your body.
You die...

### ..# #.# ####
#.# ...# #.# ..>
#.# #.. ##.#
#..##§.#
#.Y#@..##
#§§○###.## #§§##
##.# ..§H§ #.#
#<##..# ##.# ..
.)..###..# .
....#<..#y##
.##.##..###§# #.
#.#....#.#####.#


You could see a manticore.

Vanquished Creatures
  Maggie (D:6)
  2 hornets (D:8)
  Sigmund (D:3)
  A wraith (D:9)
  12 yaks
  A wyvern (D:8)
  A steam dragon (D:5)
  An acid dragon (D:9)
  Duvessa (D:6)
  2 ice beasts
  2 sky beasts
  3 black bears
  A centaur (D:5)
  2 ogres (D:5)
  2 phantoms
  A kobold brigand (D:8)
  A bullfrog (D:7)
  5 scorpions
  2 elf zombies (Ossuary)
  4 wights (D:8)
  Dowan (D:6)
  A centaur zombie (Ossuary)
  A hound (D:5)
  2 orc priests
  2 human zombies (Ossuary)
  3 jellies
  2 gnoll boudas (D:6)
  9 iguanas
  3 orc wizards
  Ijyb (D:3)
  2 mummies (Ossuary)
  Robin (D:2)
  19 gnolls
  18 adders
  3 river rats (Sewer)
  A white imp (D:8)
  An ufetubus (D:4)
  4 worms
  2 dart slugs
  25 orcs
  12 ball pythons
  2 endoplasms
  5 giant cockroaches
  16 goblins
  6 hobgoblins
  5 jackals
  11 kobolds
  3 quokkas
  10 bats
  4 frilled lizards
  8 hobgoblin zombies (Ossuary)
  A jackal zombie (Ossuary)
  13 kobold zombies (Ossuary)
  6 orc zombies (Ossuary)
  7 rats
  3 rat zombies (Ossuary)
259 creatures vanquished.

Vanquished Creatures (others)
  An ogre (D:5)
  A plant (D:4)
2 creatures vanquished.

Grand Total: 261 creatures vanquished

Notes
Turn   | Place    | Note
-------+----------+-------------------------------------------
     0 | D:1      | greasedhog the Gargoyle Reaver began the quest for the Orb.
     0 | D:1      | Reached XP level 1. HP: 12/12 MP: 3/3
   407 | D:1      | Reached XP level 2. HP: 18/18 MP: 5/5
  1020 | D:2      | Reached XP level 3. HP: 22/23 MP: 6/6
  1426 | D:2      | Noticed Robin
  1580 | D:2      | Killed Robin
  1581 | D:2      | Reached skill level 4 in Maces & Flails
  1581 | D:2      | Reached XP level 4. HP: 28/29 MP: 7/7
  2236 | D:3      | Reached XP level 5. HP: 33/33 MP: 8/8
  2273 | D:3      | Found a glowing drain.
  2286 | Sewer    | Entered a sewer
  2713 | Sewer    | Reached skill level 5 in Maces & Flails
  2718 | Sewer    | Reached XP level 6. HP: 23/40 MP: 9/9
  2847 | D:3      | Reached skill level 5 in Fighting
  2890 | D:3      | Noticed Sigmund
  2899 | D:3      | Killed Sigmund
  2918 | D:3      | Noticed Ijyb
  2925 | D:3      | Killed Ijyb
  3044 | D:3      | Found a bloodstained altar of Trog.
  3151 | D:3      | Reached XP level 7. HP: 19/44 MP: 10/10
  3244 | D:3      | Found an iron altar of Okawaru.
  3244 | D:3      | Found an opulent altar of Gozag.
  3250 | D:3      | Found a shimmering altar of Xom.
  3255 | D:3      | Found a burning altar of Makhleb.
  3257 | D:3      | Found a sacrificial altar of Ru.
  3608 | D:4      | Reached skill level 6 in Maces & Flails
  3795 | D:4      | Found a broken altar of Ashenzari.
  3887 | D:4      | Found Uliffinwy's Gadget Gallery.
  4185 | D:4      | Found a staircase to the Ecumenical Temple.
  4472 | Temple   | Entered the Ecumenical Temple
  4700 | D:4      | Reached XP level 8. HP: 22/49 MP: 11/11
  5169 | Temple   | Became a worshipper of Qazlal Stormbringer
  5200 | D:5      | Entered Level 5 of the Dungeon
  5208 | D:5      | Found Buriak's Antique Armour Boutique.
  5214 | D:5      | Reached skill level 7 in Maces & Flails
  5214 | D:5      | Reached skill level 5 in Armour
  5238 | D:5      | Bought a runed kite shield for 150 gold pieces
  5298 | D:5      | Reached skill level 1 in Invocations
  5500 | D:5      | Found a sand-covered staircase.
  5552 | Ossuary  | Entered an ossuary
  5598 | Ossuary  | Reached * piety under Qazlal
  5733 | Ossuary  | Reached skill level 8 in Maces & Flails
  5777 | Ossuary  | Reached ** piety under Qazlal
  5800 | Ossuary  | Reached XP level 9. HP: 29/54 MP: 12/12
  7055 | D:6      | Reached skill level 1 in Shields
  7326 | D:6      | Noticed Maggie
  7344 | D:6      | Killed Maggie
  7345 | D:6      | Reached skill level 9 in Maces & Flails
  7626 | D:6      | Noticed Duvessa
  7626 | D:6      | Noticed Dowan
  7646 | D:6      | Killed Duvessa
  7649 | D:6      | Killed Dowan
  7650 | D:6      | Reached skill level 5 in Dodging
  8023 | D:6      | Reached skill level 1 in Evocations
  8112 | D:6      | Found Kaqiucwoa's Antique Armour Shop.
  8581 | D:7      | Reached XP level 10. HP: 59/59 MP: 13/13
  9651 | D:8      | Reached skill level 5 in Invocations
  9725 | D:8      | Reached skill level 10 in Maces & Flails
  9952 | D:8      | Reached *** piety under Qazlal
 10805 | D:9      | Noticed a manticore
 10810 | D:9      | Killed from afar by a manticore

Illustrated notes

Levels and vault maps discovered:
D:1:      spicycebolla_arrival_ecumenical, layout_basic
D:2:      layout_loops_corners, uniq_robin
D:3:      layout_basic, bloody_trog, chequers_temple_overflow_minitemple,
          cheibrodos_sewer_entry_drain, uniq_ijyb, uniq_sigmund
D:4:      layout_layer_cave, evilmike_ruin_ashenzari, temple_doors_e,
          serial_bayou, serial_bayou_shore_a, serial_bayou_lake_a,
          serial_bayou_pond_b, serial_bayou_pond_e, serial_bayou_ford_a,
          serial_bayou_lagoon_a, small_statue_intersection, nicolae_shop_gadgets
D:5:      minmay_octagon_keep, layout_cave_pools, enter_ossuary_5, serial_shops,
          shop
D:6:      layout_basic, serial_shops, shop, dreamdust_wishing_well,
          roderic_roman_lattice, uniq_duvessa, uniq_maggie
D:7:      layout_gridville
D:8:      layout_basic
D:9:      layout_loops_ring, lair_entry_dummy, serial_glass, glass_columns_a,
          glass_columns_c, glass_columns_b, uniq_psyche
Temple:   eino_wide_crystal_templ

Skill      XL: |  1  2  3  4  5  6  7  8  9 10 |
---------------+-------------------------------+-----
Fighting       | 3 4 5 |  5.0
Maces & Flails | 4 5 6 8 9 10 | 10.4
Armour         | 2 4 5 |  5.1
Invocations    | 3 4 5 |  5.6
Dodging        | 3 5 |  5.0
Shields        | 2 4 |  4.3
Evocations     | 1 4 |  4.1
Spellcasting   | |  2.0
Conjurations   | |  3.2

Action                   |  1- 3 |  4- 6 |  7- 9 | 10-12 || total
-------------------------+-------+-------+-------+-------++-------
Melee: Mace              |   134 |       |       |       ||   134
       Club              |       |   121 |   560 |   103 ||   784
       Punch             |       |       |     3 |       ||     3
       Morningstar       |       |       |       |    70 ||    70
       Flail             |       |       |       |     3 ||     3
Invok: Upheaval          |       |       |     1 |       ||     1
Evoke: Wand              |       |       |     7 |     2 ||     9
  Use: Scroll            |     1 |     3 |     5 |     5 ||    14
       Potion            |       |       |       |     2 ||     2
 Stab: Distracted        |       |     1 |     2 |       ||     3
       Invisible         |       |       |       |     3 ||     3
Armor: Leather armour    |    87 |    13 |       |       ||   100
       Ring mail         |       |    40 |   104 |       ||   144
       Scale mail        |       |       |   169 |       ||   169
       Steam dragon scal |       |       |    81 |    52 ||   133
Dodge: Dodged            |    89 |    53 |   271 |    77 ||   490
Block: Kite shield       |       |       |   212 |    73 ||   285

Table legend: (Time is in decaauts)
 A = Elapsed time spent in this place.
 B = Non-inter-level travel time spent in this place.
 C = Inter-level travel time spent in this place.
 D = Time resting spent in this place.
 E = Time spent auto-exploring this place.
 F = Levels seen in this place.
 G = Mean time per level.
                   A        B        C        D        E       F      G
               +--------+--------+--------+--------+--------+-----+--------+
         Total |  10896 |  10229 |    667 |   1165 |   6720 |  12 |  908.0 |
       Dungeon |   9848 |   9211 |    637 |   1165 |   6171 |   9 | 1094.2 |
        Temple |     78 |     48 |     30 |      0 |     33 |   1 |   78.0 |
         Sewer |    548 |    548 |      0 |      0 |    335 |   1 |  548.0 |
       Ossuary |    420 |    420 |      0 |      0 |    181 |   1 |  420.0 |
               +--------+--------+--------+--------+--------+-----+--------+

Top non-repeatable levels by time:
     D:4: 1915 daAuts
     D:8: 1630 daAuts
     D:6: 1426 daAuts
     D:2: 1246 daAuts
     D:5: 1063 daAuts
     D:1: 901 daAuts
     D:3: 857 daAuts
     D:7: 724 daAuts
   Sewer: 548 daAuts
 Ossuary: 420 daAuts
     D:9: 83 daAuts
  Temple: 78 daAuts
